 Dungeon Crawl Stone Soup version 0.23.0-3-gf3c87f2 (webtiles) character file.

Game seed: 12606322819497009665

23 wolfsongas the Skirmisher (level 2, 0/20 HPs)
             Began as a Gargoyle Fighter on Feb 21, 2019.
             Slain by a kobold (3 damage)
             ... on level 1 of the Dungeon.
             The game lasted 00:01:11 (340 turns).

wolfsongas the Skirmisher (Gargoyle Fighter)         Turns: 340, Time: 00:01:12

Health: 0/20       AC: 11    Str: 24    XL:     2   Next: 95%
Magic:  2/2        EV:  7    Int: 13    God:
Gold:   29         SH:  9    Dex:  9    Spells: 1/1 levels left

rFire    . . .     SeeInvis .   a - +0 flail
rCold    . . .     Gourm    .   c - +0 shield
rNeg     + . .     Faith    .   b - +0 scale mail
rPois    ∞         Spirit   .   g - +2 hat
rElec    +         Reflect  .   (no cloak)
rCorr    .         Harm     .   (no gloves)
MR       .....                  (no boots)
Stlth    ..........             (no amulet)
HPRegen  0.06/turn              (no ring)
MPRegen  0.08/turn              (no ring)

@: mighty, brilliant
A: negative energy resistance 1, electricity resistance, unbreathing,
petrification resistance, rot immunity, AC +2
a: no special abilities


You were on level 1 of the Dungeon.
You were not hungry.

You visited 1 branch of the dungeon, and saw 1 of its levels.

You collected 29 gold pieces.

Inventory:

Hand Weapons
 a - a +0 flail (weapon)
Armour
 b - a +0 scale mail (worn)
 c - a +0 shield (worn)
 g - a +2 hat (worn)
Scrolls
 e - a scroll of enchant weapon {unknown}
Comestibles
 f - 2 rations


   Skills:
 + Level 4.2 Fighting
 - Level 2.0 Maces & Flails
 - Level 3.2 Armour
 + Level 0.8 Dodging
 - Level 3.2 Shields


You had one spell level left.
You didn't know any spells.
Your spell library was empty.

Dungeon Overview and Level Annotations

Branches:
Dungeon (1/15)

Altars:


Innate Abilities, Weirdness & Mutations

You are resistant to torment.
Your stone body is resilient. (AC +2)
You are immune to poison.
You resist negative energy. (rN+)
You are resistant to electric shocks. (rElec)
You can survive without breathing.
You are immune to petrification.
You are immune to rotting.


Message History

You feel very mighty all of a sudden. The bat hits you but does no damage.
You block the hobgoblin's attack. The kobold barely misses you.
The bat hits you but does no damage. You block the goblin's attack.
The giant cockroach barely misses you.
You closely miss the bat. You block the bat's attack. x2
The giant cockroach bites you but does no damage.
The hobgoblin barely misses you. The kobold hits you but does no damage.
The goblin hits you but does no damage.
A frilled lizard comes into view.
The frilled lizard hisses angrily.
You sock the goblin!
You kill the goblin!
You block the bat's attack. The bat hits you but does no damage.
You block the bat's attack.
The giant cockroach bites you but does no damage.
You block the hobgoblin's attack. The kobold barely misses you.
The giant cockroach bites you but does no damage.
The hobgoblin hits you but does no damage.
The kobold hits you.
You die...

.......# #.... ......##
#...### ...#...# #.....
...##..###### #..l# #.
....#.......### #...##...
....#.#####...###......#.
............†...w†.......
.......###..>>.sgK.......
.......# #.####.@.#####..
.......# #.# ##..#
........ ..# #bb.#
........##.. ......
.........#.# ##....#.
...#.......# ##.#.....
#..... . ..#...


You could see a dart slug, a giant cockroach, a hobgoblin, 2 bats, a kobold and
a frilled lizard.

Vanquished Creatures
  2 leopard geckos (D:1)
  A bat (D:1)
  2 giant cockroaches (D:1)
  4 goblins (D:1)
  A hobgoblin (D:1)
  4 kobolds (D:1)
  4 rats (D:1)
18 creatures vanquished.

Notes
Turn   | Place    | Note
-------+----------+-------------------------------------------
     0 | D:1      | wolfsongas the Gargoyle Fighter began the quest for the
                  | Orb.
     0 | D:1      | Reached XP level 1. HP: 14/14 MP: 1/1
   102 | D:1      | Reached XP level 2. HP: 15/20 MP: 2/2
   228 | D:1      | Reached skill level 4 in Fighting
   340 | D:1      | Slain by a kobold

Skill      XL: |  1  2 |
---------------+-------+-----
Fighting       | 4 |  4.2
Maces & Flails | |  2.0
Armour         | |  3.2
Dodging        | |  0.8
Shields        | |  3.2

Action                   || total
-------------------------++-------
Melee: Flail             ||    76
  Use: Potion            ||     2
Armor: Scale mail        ||    57
Dodge: Dodged            ||    47
Block: Shield            ||    60
